 Dungeon Crawl Stone Soup version 0.24-a0-520-g8fd06ad (webtiles) character file.

Game seed: 7290774766566694161

819 CanOfBees the Caller (level 7, -9/42 HPs)
             Began as a Tengu Summoner on July 24, 2019.
             Was a Believer of Sif Muna.
             Mangled by Prince Ribbit (13 damage)
             ... on level 5 of the Dungeon.
             The game lasted 00:12:38 (9713 turns).

CanOfBees the Caller (Tengu Summoner)               Turns: 9713, Time: 00:12:38

Health: -9/42      AC:  4    Str:  8    XL:     7   Next: 95%
Magic:  12/14      EV: 13    Int: 17    God:    Sif Muna [**....]
Gold:   233        SH:  0    Dex: 15    Spells: 4/14 levels left

rFire    . . .     SeeInvis .   b - +2 dagger (holy)
rCold    . . .     Gourm    .   (no shield)
rNeg     + . .     Faith    .   x - +0 robe
rPois    .         Spirit   .   v - +0 hat
rElec    .         Reflect  .   u - +0 cloak
rCorr    .         Harm     .   m - +0 pair of gloves
MR       .....                  (boots unavailable)
Stlth    ++........             (no amulet)
HPRegen  0.14/turn              (no ring)
MPRegen  0.14/turn              r - ring of positive energy

@: very slightly contaminated, invisible
A: beak, talons 3, able to fly
a: Fly, Channel Magic, Renounce Religion


You were on level 5 of the Dungeon.
You worshipped Sif Muna.
Sif Muna was pleased with you.
You were not hungry.

You visited 1 branch of the dungeon, and saw 5 of its levels.

You collected 233 gold pieces.

Inventory:

Hand Weapons
 a - a +0 spear
 b - a +2 dagger of holy wrath (weapon)
 p - a +0 short sword
Missiles
 f - 39 arrows
 g - 165 stones
 j - 76 sling bullets
 k - 8 boomerangs (quivered)
 q - 5 atropa-tipped darts
 y - 16 bolts
 D - 5 poisoned darts
Armour
 m - a +0 pair of gloves (worn)
 u - a +0 cloak (worn)
 v - a +0 hat (worn)
 x - a +0 robe (worn)
Jewellery
 r - a ring of positive energy (right hand)
Wands
 t - a wand of random effects (17)
Scrolls
 d - 2 scrolls of teleportation
 e - 2 scrolls of immolation
 n - a scroll of blinking {unknown}
 s - a scroll of noise {unknown}
 w - a scroll of random uselessness {unknown}
 B - a scroll of enchant armour {unknown}
 C - 2 scrolls of fear
 F - a scroll of enchant weapon
Potions
 h - 2 potions of flight
 i - a potion of cancellation {unknown}
 l - a potion of curing
 z - a potion of might {unknown}
 A - 2 potions of agility
 E - a potion of haste {unknown}
Comestibles
 c - 2 rations


   Skills:
 + Level 3.8 Fighting
 - Level 3.0 Dodging
 - Level 2.0 Stealth
 + Level 4.2 Spellcasting
 + Level 6.9 Summonings
 - Level 3.0 Air Magic
 + Level 3.0 Invocations


You had 4 spell levels left.
You knew the following spells:

 Your Spells              Type           Power        Failure   Level  Hunger
a - Summon Small Mammal   Summ           ####         1%          1    None
b - Call Imp              Summ           ####....     1%          2    ##.....
c - Call Canine Familiar  Summ           ####....     2%          3    ###....
d - Summon Lightning Spi  Summ/Air       ###.....     21%         4    ####...

Your spell library contained the following spells:

 Spells                   Type           Power        Failure   Level  Hunger
 Summon Guardian Golem    Hex/Summ       ###.....     11%         3    ###....
 Summon Ice Beast         Ice/Summ       ###.....     36%         4    ####...


Dungeon Overview and Level Annotations

Branches:
Dungeon (5/15)             Temple (0/1) D:4

Altars:
Cheibriados
Elyvilon
Fedhas
Gozag
Hepliaklqana
Makhleb
Ru
Sif Muna
Wu Jian
Xom
Zin
The Shining One

Annotations:
D:5 Prince Ribbit


Innate Abilities, Weirdness & Mutations

You have a beak for a mouth.
You have claws for feet.
You can fly continuously.


Message History

Prince Ribbit is lightly wounded.
Prince Ribbit hits you but does no damage.
Prince Ribbit blinks!
You swap places.
Prince Ribbit hits your hound!!
Your hound dies!
Your hound's corpse disappears in a puff of smoke!
You swap places.
Prince Ribbit hops awkwardly around.
Your white imp closely misses Prince Ribbit.
You fade into invisibility!
Prince Ribbit hits your white imp!
Your white imp dies!
You are very lightly contaminated with residual magic.
Prince Ribbit catches a mosquito with his tongue.
Your crimson imp blinks!
You miss Prince Ribbit. Your kick misses Prince Ribbit.
Prince Ribbit is lightly wounded.
Prince Ribbit closely misses you. Prince Ribbit hits you!
You die...

. #.#...# .
#######.###.# #
#..F....# #.# #
#.####### #.# #
#.# #.# ######.#
#.# .......####
#.#
..........######F#
..#####..÷..5...@#
..# #...##.#####
..# #####..# ..#
#...# #.# #....
#.# ##..# #.#


PP.P #.# ♣.P. ♣♣.♣ You could see Prince Ribbit and a friendly crimson imp.

Vanquished Creatures
  A crimson imp (D:5)
  A howler monkey (D:4)
  A centaur skeleton (D:5)
  An adder (D:3)
  2 oozes (D:3)
  A dart slug (D:5)
  A leopard gecko (D:2)
  4 orcs (D:5)
  6 bats
  2 giant cockroaches
  6 hobgoblins
  2 jackals (D:5)
  A quokka (D:3)
  A frilled lizard (D:1)
  5 goblins
  A jackal zombie (D:5)
  9 kobolds
  2 leopard gecko skeletons
  5 rats
  A butterfly (D:2)
53 creatures vanquished.

Vanquished Creatures (collateral kills)
  Menkaure (D:5)
  2 phantoms
  A sky beast (D:5)
  An ogre (D:5)
  2 big kobolds (D:4)
  A bullfrog (D:3)
  A howler monkey (D:4)
  2 crimson imps (D:5)
  3 jellies (D:3)
  A centaur zombie (D:5)
  3 worker ants
  A gnoll (D:1)
  7 adders
  7 oozes (D:3)
  A worm (D:2)
  4 leopard geckos
  An orc (D:4)
  4 goblins
  5 hobgoblins
  11 kobolds
  2 quokkas
  2 bats
  A leopard gecko zombie (D:5)
  2 rats
  A butterfly (D:2)
67 creatures vanquished.

Vanquished Creatures (others)
  8 fungi (D:3)
  9 toadstools (D:3)
17 creatures vanquished.

Grand Total: 137 creatures vanquished

Notes
Turn   | Place    | Note
-------+----------+-------------------------------------------
     0 | D:1      | CanOfBees the Tengu Summoner began the quest for the Orb.
     0 | D:1      | Reached XP level 1. HP: 10/10 MP: 4/4
   672 | D:1      | Reached skill level 5 in Summonings
   672 | D:1      | Reached XP level 2. HP: 6/16 MP: 1/6
   676 | D:1      | Learned a level 2 spell: Call Imp
  1554 | D:1      | Reached skill level 1 in Fighting
  1708 | D:1      | Reached XP level 3. HP: 11/20 MP: 7/7
  1945 | D:1      | Learned a level 3 spell: Call Canine Familiar
  2126 | D:2      | Found a shimmering altar of Xom.
  2399 | D:2      | Found a blossoming altar of Fedhas.
  2724 | D:2      | Found a burning altar of Makhleb.
  3740 | D:2      | Reached XP level 4. HP: 25/25 MP: 1/8
  4099 | D:2      | Found a deep blue altar of Sif Muna.
  4106 | D:2      | Became a worshipper of Sif Muna the Loreminder
  4460 | D:3      | Noticed a bullfrog
  4469 | D:3      | Killed a bullfrog
  4507 | D:3      | Found a white marble altar of Elyvilon.
  4507 | D:3      | Found a glowing silver altar of Zin.
  5027 | D:3      | Gained mutation: You can fly continuously. [Tengu growth]
  5027 | D:3      | Reached XP level 5. HP: 18/30 MP: 5/10
  5601 | D:3      | Found a glowing golden altar of the Shining One.
  5703 | D:3      | Reached * piety under Sif Muna
  5880 | D:3      | Reached skill level 1 in Invocations
  5990 | D:3      | Learned a level 4 spell: Summon Lightning Spire
  6305 | D:3      | Reached skill level 1 in Air Magic
  6661 | D:4      | Found an opulent altar of Gozag.
  6661 | D:4      | Found a snail-covered altar of Cheibriados.
  6668 | D:4      | Found a hazy altar of Hepliaklqana.
  6670 | D:4      | Found a faded altar of an unknown god.
  6672 | D:4      | Found an ornate altar of the Wu Jian Council.
  6764 | D:4      | Noticed a big kobold
  6772 | D:4      | Killed a big kobold
  6772 | D:4      | Reached XP level 6. HP: 26/36 MP: 3/11
  6791 | D:4      | Reached skill level 6 in Summonings
  7570 | D:4      | Found a staircase to the Ecumenical Temple.
  7805 | D:4      | Noticed a phantom
  7856 | D:4      | Killed a phantom
  7856 | D:4      | Reached ** piety under Sif Muna
  7856 | D:4      | Reached XP level 7. HP: 13/41 MP: 6/13
  8277 | D:5      | Entered Level 5 of the Dungeon
  8560 | D:5      | Noticed Prince Ribbit
  8724 | D:5      | Found a sacrificial altar of Ru.
  9414 | D:5      | Noticed Menkaure
  9429 | D:5      | Killed Menkaure
  9713 | D:5      | Mangled by Prince Ribbit

Levels and vault maps discovered:
D:1:      matt_arrival_grand_opening, layout_rooms, kennysheep_decorative_pillar
D:2:      layout_basic, xom_butterflies, nicolae_overflow_crystal_walls,
          lemuel_round_altar, lemuel_round_altar
D:3:      cheibrodos_fertilizer, layout_rooms, good_gods_temple_1,
          minmay_diced_spiral
D:4:      cheibrodos_thug_alley, layout_basic,
          chequers_temple_overflow_minitemple, minmay_temple_entry_slanted,
          first_ration
D:5:      layout_loops_ring, nicolae_ru_path_of_blood,
          chequers_temple_overflow_statue_of_worship, uniq_prince_ribbit1,
          uniq_menkaure, uniq_crazy_yiuf_cottage

Skill      XL: |  1  2  3  4  5  6  7 |
---------------+----------------------+-----
Summonings     | 5 6 |  6.9
Fighting       | 1 2 3 |  3.8
Dodging        | 3 |  3.0
Spellcasting   | 3 4 |  4.2
Invocations    | 1 2 3 |  3.0
Air Magic      | 1 2 3 |  3.0
Stealth        | |  2.0

Action                   |  1- 3 |  4- 6 |  7- 9 || total
-------------------------+-------+-------+-------++-------
Melee: Unarmed           |    19 |       |       ||    19
       Peck              |     9 |     9 |     4 ||    22
       Kick              |    16 |    15 |    17 ||    48
       Dagger            |    23 |     6 |    44 ||    73
       Short sword       |    35 |     2 |       ||    37
       Spear             |       |    66 |    14 ||    80
Throw: Boomerang         |    11 |    13 |     3 ||    27
 Cast: Summon Small Mamm |    13 |       |       ||    13
       Call Imp          |    19 |    29 |    13 ||    61
       Call Canine Famil |     4 |    17 |     7 ||    28
       Summon Lightning  |       |     1 |     2 ||     3
  Use: Potion            |     1 |       |     1 ||     2
       Scroll            |       |     5 |     1 ||     6
 Stab: Sleeping          |     1 |     1 |     2 ||     4
       Distracted        |       |     2 |       ||     2
  Eat: Chunk             |    10 |     6 |     1 ||    17
       Ration            |       |     3 |     2 ||     5
Armor: Robe              |    24 |     7 |    13 ||    44
Dodge: Dodged            |    75 |    40 |    34 ||   149

Table legend:
 A = Non-vault XP
 B = Vault XP
 C = Vault XP percentage of total XP
 D = Non-vault monster count
 E = Vault monster count
 F = Vault count percentage of total count
                 A         B        C        D         E       F
            +---------+---------+-------+---------+---------+-------
      Total |     849 |     322 |  27.5 |      86 |      32 |  27.1
            +---------+---------+-------+---------+---------+-------
        D:1 |      34 |       0 |   0.0 |      19 |       0 |   0.0
        D:2 |      53 |       0 |   0.0 |      19 |       0 |   0.0
        D:3 |      90 |     122 |  57.5 |      19 |      21 |  52.5
        D:4 |     207 |     123 |  37.3 |       8 |      10 |  55.6
        D:5 |     465 |      77 |  14.2 |      21 |       1 |   4.5
            +---------+---------+-------+---------+---------+-------
